 Dungeon Crawl Stone Soup version 0.16.2-12-gd0ad4c3 (webtiles) character file.

178 Kloppie the Skirmisher (level 5, -5/44 HPs)
             Began as a Formicid Fighter on Oct 31, 2015.
             Slain by Peloso's ghost (11 damage)
             ... on level 3 of the Dungeon.
             The game lasted 00:04:44 (2309 turns).

Kloppie the Skirmisher (Formicid Fighter)           Turns: 2309, Time: 00:04:44

Health: -5/44      AC:  6    Str: 27    XL:     5   Next: 89%
Magic:  7/7        EV:  8    Int:  7    God:
Gold:   189        SH: 10    Dex: 10    Spells: 0 memorised, 4 levels left

rFire  . . .     SeeInvis +     a - +0 flail
rCold  . . .     Clarity  .     b - +0 scale mail
rNeg   . . .     SustAb   .     c - +0 shield
rPois  .         Gourm    .     (helmet unavailable)
rElec  .         Spirit   .     (no cloak)
rCorr  .         Warding  .     (no gloves)
rMut   .         Stasis   +     (no boots)
MR     .....                    (no amulet)
Stlth  ..........               (no ring)
                                (no ring)

@: mighty, not resistant to hostile enchantments, extremely unstealthy
A: permanent stasis, dig shafts and tunnels, four strong arms, antennae 3
a: Dig, Shaft Self


You were on level 3 of the Dungeon.
You were hungry.

You visited 1 branch of the dungeon, and saw 3 of its levels.

You collected 189 gold pieces.

Inventory:

Hand weapons
 a - a +0 flail (weapon)
Armour
 b - a +0 scale mail (worn)
 c - a +0 shield (worn)
Jewellery
 u - an uncursed ring of sustain abilities {unknown}
Scrolls
 g - 2 scrolls of noise {unknown}
 i - 2 scrolls of identify {unknown}
 j - a scroll of fear {unknown}
 k - a scroll of blinking {unknown}
 l - a scroll of teleportation {unknown}
 o - a scroll of enchant weapon {unknown}
 r - a scroll of remove curse {unknown}
Potions
 f - 2 potions of magic {unknown}
 h - a potion of haste {unknown}
 m - a potion of cancellation {unknown}
 p - a potion of restore abilities {unknown}
 q - a potion of brilliance {unknown}
 s - 2 potions of berserk rage {unknown}
 t - a potion of heal wounds {unknown}
Comestibles
 d - 2 bread rations
 n - 3 meat rations


   Skills:
 + Level 5.4 Fighting
 + Level 4.0 Maces & Flails
 - Level 3.2 Armour
 - Level 3.6 Shields


You had 4 spell levels left.
You didn't know any spells.

Dungeon Overview and Level Annotations

Branches:
Dungeon (3/15)

Altars:

Annotations:
D:3 Peloso's ghost, average MiFi


Innate Abilities, Weirdness & Mutations

You are under a permanent stasis effect.
You can dig through walls and to a lower floor.
Your four strong arms can wield two-handed weapons with a shield.
You have a pair of large antennae on your head (SInv).


Message History

Peloso's ghost is heavily damaged.
Peloso's ghost hits you!
* * * LOW HITPOINT WARNING * * *
You are too injured to fight recklessly!
You are too injured to fight recklessly!
Drink which item? (? for menu, Esc to quit)
You feel very mighty all of a sudden. You block Peloso's ghost's attack.
You hit Peloso's ghost.
Peloso's ghost is heavily damaged.
You block Peloso's ghost's attack.
Peloso's ghost hits you but does no damage.
You hit Peloso's ghost.
Peloso's ghost is severely damaged.
Peloso's ghost hits you!
* * * LOW HITPOINT WARNING * * *
You hit Peloso's ghost but do no damage.
Peloso's ghost is severely damaged.
Peloso's ghost hits you!
You die...

### ### ..
##.## .#
#####...###.#
.........@Ws.#
####....###.#
##....## .#
#.....# ..
##...## ### .
##.## # ...
#.# #... #.#
#.# #..# #.#
##'## #..##


You could see Peloso's ghost and a giant cockroach.

Vanquished Creatures
  Sigmund (D:3)
  3 adders (D:2)
  A giant mite (D:3)
  2 worms (D:2)
  3 giant geckos
  6 giant cockroaches
  8 hobgoblins
  2 ball pythons
  7 bats
  3 giant newts
  5 goblins
  7 kobolds
  3 quokkas
  8 rats
59 creatures vanquished.

Notes
Turn   | Place    | Note
--------------------------------------------------------------
     0 | D:1      | Kloppie, the Formicid Fighter, began the quest for the Orb.
     0 | D:1      | Reached XP level 1. HP: 18/18 MP: 1/1
   212 | D:1      | Reached XP level 2. HP: 22/24 MP: 3/3
   798 | D:2      | Reached XP level 3. HP: 21/30 MP: 4/4
   832 | D:2      | Reached skill level 4 in Fighting
  1309 | D:2      | Reached XP level 4. HP: 36/38 MP: 5/5
  1639 | D:3      | Noticed Sigmund
  1712 | D:3      | Killed Sigmund
  1712 | D:3      | Reached skill level 5 in Fighting
  1712 | D:3      | Reached XP level 5. HP: 36/44 MP: 7/7
  2294 | D:3      | Noticed Peloso's ghost (average MiFi)
  2309 | D:3      | Slain by Peloso's ghost

Action                   |  1- 3 |  4- 6 || total
-------------------------+-------+-------++-------
Melee: Flail             |   108 |    82 ||   190
  Use: Potion            |       |     2 ||     2
  Eat: Chunk             |       |     4 ||     4
